Map: Orbital Shipyard

Players

wabbajack

  • Race: Zerg Zerg
  • League: Gold

Rottichopper - Winner!

  • Race: Zerg Zerg
  • League: Silver

VOD

Have the link to the VOD?

Description

Time

  • Played on: July 20, 2015, 9:46 a.m.
  • Length: 8:45
Show
View Real Time Build Order
Export as new Build Order

wabbajack Zerg 

Build Orders: Pool First 

Get SALT Encoding   

  12  0:01  Drone  
  13  0:13  Overlord  
  13  0:22  Drone  
  13  0:25  Drone, Extractor  
  14  0:43  Spawning Pool  
  14  0:49  Drone  
  14  0:53  Drone x2  
  16  1:01  Drone  
  17  1:14  Drone  
  18  1:29  Queen  
  18  1:30  Zergling x2  
  18  1:32  Overlord  
  21  1:36  Metabolic Boost  
  21  1:44  Drone  
  22  1:59  Zergling x2  
  23  2:11  Baneling Nest, Drone  
  23  2:17  Hatchery  
  23  2:18  Drone  
  23  2:31  Pneumatized Carapace  
  23  2:40  Zergling x8  
  23  2:42  Zergling x2  
  28  2:46  Overlord  
  28  3:00  Baneling x3  
  28  3:23  Baneling  
  28  3:28  Hatchery  
  28  3:33  Queen  
  29  3:36  Drone x2  
  29  3:37  Drone x2  
  28  3:50  Zergling x2  
  28  3:51  Zergling x6  
  32  4:08  Zergling x12  
  33  5:01  Drone x8  
  33  5:02  Roach Warren  
  40  5:30  Queen  
  30  5:42  Zergling x2  
  30  5:43  Zergling x20  
  36  6:11  Queen  
  38  6:20  Extractor  
  38  6:21  Drone x4  
  38  6:22  Drone x5  
  46  6:29  Spine Crawler x2  
  44  6:36  Lair  
  44  6:39  Drone  
  45  6:40  Drone  
  45  6:41  Evolution Chamber, Drone x4  
  45  6:43  Spine Crawler  
  48  6:51  Extractor  
  47  6:55  Spore Crawler  
  47  6:57  Spore Crawler  
  47  7:00  Spore Crawler  
  44  7:05  Overlord  
  44  7:06  Overlord  
  44  7:07  Drone x2  
  44  7:08  Drone  
  47  7:15  Evolution Chamber  
  46  7:21  Drone  
  47  7:26  Drone x2  
  47  7:29  Drone  
  50  7:40  Hydralisk Den  
  50  7:43  Drone x2  
  51  7:45  Drone  
  52  7:56  Drone x4  
  52  7:57  Drone x2  
  58  7:59  Drone  
  58  8:01  Drone  
  60  8:13  Overlord  
  60  8:20  Extractor  
Show
View Real Time Build Order
Export as new Build Order

Rottichopper Zerg - Winner!

Build Orders: Pool First 

Get SALT Encoding   

  12  0:02  Drone  
  13  0:13  Overlord  
  13  0:18  Drone  
  14  0:34  Drone x2  
  16  0:43  Spawning Pool  
  15  1:06  Hatchery  
  14  1:18  Extractor  
  13  1:24  Drone  
  13  1:25  Drone x2  
  16  1:31  Queen  
  18  1:51  Zergling x2  
  18  1:52  Zergling x2  
  20  2:00  Spine Crawler  
  19  2:09  Baneling Nest  
  18  2:17  Zergling x4  
  20  2:27  Queen  
  22  2:45  Zergling x6  
  22  2:46  Zergling x2  
  26  2:53  Baneling x5  
  25  3:23  Metabolic Boost  
  25  3:28  Drone x2  
  26  3:45  Drone  
  26  3:46  Overlord  
  26  3:47  Overlord  
  27  4:06  Drone x4  
  27  4:07  Drone x4  
  35  4:21  Drone  
  32  4:34  Roach Warren  
  32  4:37  Zergling x2  
  32  4:38  Zergling x6  
  32  4:54  Drone x2  
  32  4:55  Drone x3  
  37  5:02  Drone x5  
  37  5:07  Lair  
  42  5:13  Evolution Chamber  
  41  5:18  Zergling x2  
  41  5:19  Zergling x4  
  44  5:23  Overlord x2  
  36  5:43  Roach  
  36  5:44  Roach x5  
  43  6:04  Queen  
  45  6:11  Glial Reconstitution  
  45  6:24  Zerg Missile Weapons Level 1  
  45  6:27  Drone x3  
  45  6:30  Hatchery  
  45  6:32  Extractor  
  46  6:36  Overseer  
  46  6:41  Drone x3  
  49  6:52  Drone x2  
  49  6:53  Drone, Roach x2  
  56  7:08  Drone  
  56  7:09  Drone  
  56  7:11  Overlord x2  
  56  7:12  Overlord x2  
  58  7:38  Roach  
  58  7:39  Roach x8  
  76  7:47  Queen  
  78  7:55  Roach x3  
  84  8:09  Roach  
  84  8:10  Roach x2  
  90  8:14  Baneling  
  90  8:15  Zergling x2  
  90  8:16  Zergling x12  
  90  8:19  Overlord x2  
Tags
 
Add a new tag
Caveats
  • Supply blocks, unpowered buildings, or Contaminate may cause inaccurate times.
  • Supply counts are checked every 10 seconds.